 Dungeon Crawl Stone Soup version 0.25-a0-578-gc91f01c39c (webtiles) character file.

Game seed: 4453245461537030708, levelgen mode: deterministic

203 An17 the Sneak (level 5, -6/29 HPs)
             Began as a Vampire Enchanter on Mar 3, 2020.
             Mangled by a phantom (7 damage)
             ... on level 4 of the Dungeon.
             The game lasted 00:10:32 (2455 turns).

An17 the Sneak (Vampire Enchanter)                  Turns: 2455, Time: 00:10:32

Health: -6/29      AC:  3    Str:  4 (7)  XL:     5   Next: 51%
Magic:  6/9        EV: 13    Int: 15 (17) God:
Gold:   143        SH:  0    Dex: 14 (16) Spells: 0/9 levels left

rFire    + . .     SeeInvis +   a - +1 dagger
rCold    + + .     Gourm    .   (no shield)
rNeg     + + +     Faith    .   b - +1 robe
rPois    ∞         Spirit   .   (no helmet)
rElec    .         Reflect  .   (no cloak)
rCorr    .         Harm     .   (no gloves)
MR       .....                  (no boots)
Stlth    +++++.....             (no amulet)
HPRegen  0.00/turn              o - ring of protection from fire
MPRegen  0.11/turn              (no ring)

@: bloodless
A: no food, fangs 3, see invisible, unbreathing
a: Bat Form, Revivify


You were on level 4 of the Dungeon.
You were bloodless.

You visited 1 branch of the dungeon, and saw 4 of its levels.

You collected 143 gold pieces.

Inventory:

Hand Weapons
 a - a +1 dagger (weapon)
 f - a +5 short sword
Armour
 b - a +1 robe (worn)
 i - a +0 leather armour
Jewellery
 h - an uncursed ring of fire
 o - a ring of protection from fire (left hand)
Scrolls
 g - a scroll of enchant armour
 k - a scroll of immolation
Potions
 c - 4 potions of curing
 d - 2 potions of heal wounds
 l - a potion of magic
 n - a potion of cancellation


   Skills:
 + Level 1.0 Fighting
 + Level 2.4 Short Blades
 + Level 3.0 Dodging
 + Level 6.5 Stealth
 + Level 2.7 Spellcasting
 + Level 5.1 Hexes
 + Level 1.1 Ice Magic


You couldn't memorise any spells.
You knew the following spells:

 Your Spells              Type           Power        Failure   Level  Hunger
a - Corona                Hex            ###....      2%          1    N/A
b - Ensorcelled Hibernat  Hex/Ice        ##....       9%          2    N/A
c - Tukima's Dance        Hex            ###.....     8%          3    N/A
d - Confusing Touch       Hex            ###.....     8%          3    N/A

Your spell library contained the following spells:

 Spells                   Type           Power        Failure   Level  Hunger
 Dazzling Flash           Conj/Hex       #.....       22%         3    N/A

Dungeon Overview and Level Annotations

Branches:
Dungeon (4/15)
 Temple: D:4-7

Altars:
Fedhas
Kikubaaqudgha
Ru
Wu Jian


Innate Abilities, Weirdness & Mutations

You do not eat.
You do not regenerate when monsters are visible.
You are frail without blood (-20% HP).
You can heal yourself when you bite living creatures.
You are immune to poison.
You have razor-sharp teeth.
You have supernaturally acute eyesight. (SInv)
You can survive without breathing.


Message History

A phantom is nearby!
Casting: Confusing Touch (safe; 8% risk of failure)
Confirm with . or Enter, or press ? or * to list all spells.
You feel a surge of power!
Your hands begin to glow red.
You hit the phantom but do no damage.
The phantom is heavily damaged.
You feel a little less clever now. The phantom hits you.
* * * LOW HITPOINT WARNING * * *
You hit the phantom but do no damage.
The phantom is heavily damaged.
You hear the slow hiss of a very distant avalanche of sand.
The phantom hits you.
* * * LOW HITPOINT WARNING * * *
You hit the phantom but do no damage.
The phantom appears confused.
The phantom is heavily damaged.
You hit the phantom but do no damage.
The phantom is heavily damaged.
The phantom hits you!
You die...

##.##.....##..#
#..#.......#..#
#######..#.......#†.#
..........).._......#
######..#.......#..#
#..#.......#..#
#..##.....##..#
#..####.####..#
#.......W@....#
#.#######.#...# #.#
#.....# #.# #####.#
#.# #.# #.# #.#
#.###########W#
#W....W....)..#
#.#############


You could see a phantom (confused).

Vanquished Creatures
  An ogre (D:4)
  A worker ant (D:4)
  An adder (D:3)
  2 oozes
  A worm (D:1)
  5 leopard geckos
  2 orcs (D:3)
  8 bats
  2 giant cockroaches
  6 goblins
  10 hobgoblins
  5 jackals
  3 kobolds
  4 frilled lizards (D:2)
  2 jackal skeletons (D:4)
  8 rats
61 creatures vanquished.

Notes
Turn   | Place    | Note
-------+----------+-------------------------------------------
     0 | D:1      | An17 the Vampire Enchanter began the quest for the Orb.
     0 | D:1      | Reached XP level 1. HP: 13/13 MP: 3/3
   333 | D:1      | Reached XP level 2. HP: 14/20 MP: 3/5
   431 | D:1      | Learned a level 2 spell: Ensorcelled Hibernation
  1069 | D:2      | Reached XP level 3. HP: 15/20 MP: 0/6
  1351 | D:2      | Reached skill level 5 in Stealth
  1497 | D:2      | Learned a level 3 spell: Tukima's Dance
  1586 | D:2      | Found an ornate altar of the Wu Jian Council.
  1831 | D:3      | Reached XP level 4. HP: 24/24 MP: 7/7
  1853 | D:3      | Found a blossoming altar of Fedhas.
  1853 | D:3      | Found an ancient bone altar of Kikubaaqudgha.
  2227 | D:4      | Noticed an ogre
  2251 | D:4      | Killed an ogre
  2251 | D:4      | Reached skill level 1 in Fighting
  2251 | D:4      | Reached skill level 6 in Stealth
  2251 | D:4      | Reached skill level 5 in Hexes
  2251 | D:4      | Reached skill level 1 in Ice Magic
  2251 | D:4      | Reached XP level 5. HP: 12/29 MP: 5/9
  2257 | D:4      | Learned a level 3 spell: Confusing Touch
  2319 | D:4      | Found a sacrificial altar of Ru.
  2320 | D:4      | Noticed a phantom
  2350 | D:4      | HP: 1/29 [phantom (3)]
  2453 | D:4      | HP: 1/29 [phantom (2)]
  2455 | D:4      | Mangled by a phantom

Levels and vault maps discovered:
D:1:      matt_arrival_los_fun, layout_basic
D:2:      layout_rooms, nicolae_overflow_crystal_walls, grunt_ministairs_15,
          kennysheep_generic_room_14
D:3:      layout_rooms, grunt_temple_overflow_growth_and_decay
D:4:      layout_basic, old_standard_altar, enter_ossuary_4, first_ration

Skill      XL: |  1  2  3  4 |
---------------+-------------+-----
Stealth        | 5 6 |  6.5
Fighting       | 1 |  1.0
Short Blades   | 2 |  2.4
Dodging        | 3 |  3.0
Hexes          | 5 |  5.1
Ice Magic      | 1 |  1.1
Spellcasting   | |  2.7

Action                   |  1- 3 |  4- 6 || total
-------------------------+-------+-------++-------
Melee: Dagger            |   156 |    49 ||   205
       Bite              |    12 |     6 ||    18
       Short sword       |     9 |     6 ||    15
 Cast: Corona            |     6 |       ||     6
       Ensorcelled Hiber |    20 |     3 ||    23
       Confusing Touch   |       |     4 ||     4
 Abil: Exsanguinate      |     1 |       ||     1
  Use: Scroll            |    10 |     2 ||    12
       Potion            |       |     4 ||     4
 Stab: Sleeping          |    24 |     4 ||    28
       Confused          |       |     1 ||     1
Armor: Robe              |    54 |     8 ||    62
Dodge: Dodged            |   153 |    21 ||   174

Table legend:
 A = Non-vault XP
 B = Vault XP
 C = Vault XP percentage of total XP
 D = Non-vault monster count
 E = Vault monster count
 F = Vault count percentage of total count
                 A         B        C        D         E       F
            +---------+---------+-------+---------+---------+-------
      Total |     285 |       5 |   1.7 |      58 |       3 |   4.9
            +---------+---------+-------+---------+---------+-------
        D:1 |      42 |       0 |   0.0 |      19 |       0 |   0.0
        D:2 |      46 |       5 |   9.8 |      27 |       3 |  10.0
        D:3 |      32 |       0 |   0.0 |       7 |       0 |   0.0
        D:4 |     165 |       0 |   0.0 |       5 |       0 |   0.0
            +---------+---------+-------+---------+---------+-------
